 Dungeon Crawl Stone Soup version 0.22-a0-618-gd6a3efe (webtiles) character file.

991 sking99 the Ruffian (level 8, 0/75 HPs)
             Began as an Ogre Transmuter on July 13, 2018.
             Was a Follower of Okawaru.
             Killed by nerve-wracking pain
             ... invoked by Menkaure
              (14 damage)
             ... on level 5 of the Dungeon.
             The game lasted 00:12:31 (6354 turns).

sking99 the Ruffian (Ogre Transmuter)               Turns: 6354, Time: 00:12:32

Health: 0/75       AC:  2    Str: 15    XL:     8   Next: 18%
Magic:  8/12       EV: 20    Int: 14    God:    Okawaru [*.....]
Gold:   174        SH:  0    Dex: 16    Spells: 8/13 levels left

rFire    . . .     SeeInvis .     - Unarmed
rCold    . . .     Gourm    .   (shield currently unavailable)
rNeg     . . .     Faith    .   (armour currently unavailable)
rPois    x         Spirit   .   (helmet currently unavailable)
rElec    .         Reflect  .   (cloak currently unavailable)
rCorr    .         Harm     .   (gloves unavailable)
MR       .....                  (boots unavailable)
Stlth    +.........             (no amulet)
HPRegen  0.22/turn              (no ring)
MPRegen  0.13/turn              (no ring)

@: spider-form
A: tiny, unfitting armour
a: End Transformation, Heroism, Renounce Religion


You were on level 5 of the Dungeon.
You worshipped Okawaru.
Okawaru was aware of your devotion.
You were not hungry.
You were a venomous arachnid creature.
You visited 1 branch of the dungeon, and saw 5 of its levels.

You collected 174 gold pieces.

Inventory:

Missiles
 a - 34 arrows
 j - 2 throwing nets (quivered)
Armour
 b - a +0 robe (melded)
 m - a scarf of resistance
 u - a +0 cloak of poison resistance (melded)
Jewellery
 c - an uncursed amulet of regeneration {unknown}
 e - an uncursed amulet of the gourmand {unknown}
 i - a +2 ring of intelligence {unknown}
 l - an uncursed ring of fire {unknown}
 r - an uncursed ring of protection from magic {unknown}
Wands
 h - a wand of paralysis (9)
Scrolls
 f - 2 scrolls of identify
 v - a scroll of blinking
Potions
 g - a potion of brilliance {unknown}
 k - a potion of degeneration
 n - a potion of ambrosia
 o - a potion of magic
 p - a potion of haste
 q - a potion of might {unknown}
 s - 2 potions of heal wounds
 t - 3 potions of cancellation
 w - 2 potions of flight
 x - a potion of mutation
Comestibles
 d - 5 rations
 z - 4 chunks of flesh


   Skills:
 - Level 3.0 Fighting
 + Level 2.4 Dodging
 * Level 7.0 Unarmed Combat
 - Level 3.0 Spellcasting
 - Level 4.0 Transmutations
 - Level 1.0 Poison Magic
 + Level 1.7 Invocations


You had 8 spell levels left.
You knew the following spells:

 Your Spells              Type           Power        Failure   Level  Hunger
b - Sticks to Snakes      Tmut           ##......     17%         2    ##.....
c - Spider Form           Tmut/Pois      #.........   43%         3    ###....

Your spell library contained the following spells:

 Spells                   Type           Power        Failure   Level  Hunger
 Blade Hands              Tmut           ##........   88%         5    ######.
 Ice Form                 Ice/Tmut       #.......     85%         4    #####..
 Beastly Appendage        Tmut           ##....       13%         1    #......


Dungeon Overview and Level Annotations

Branches:
Dungeon (5/15)             Temple (0/1) D:4

Altars:
Okawaru
The Shining One

Annotations:
D:5 Menkaure


Innate Abilities, Weirdness & Mutations

You are too large for most types of armour.
((You have tough skin. (AC +1)))


Message History

Menkaure is severely damaged.
Menkaure completely misses you. Menkaure hits you!
You hit Menkaure but do no damage.
Menkaure is severely damaged.
Your transformation has ended.
Your +0 cloak of poison resistance unmelds from your body.
Your +0 robe unmelds from your body.
You feel resistant to poison. Menkaure hits you!!
* * * LOW HITPOINT WARNING * * *
Casting: Spider Form (safe; 22% risk of failure)
Confirm with . or Enter, or press ? or * to list all spells.
You turn into a venomous arachnid creature.
Your +0 cloak of poison resistance melds into your body.
Your +0 robe melds into your body.
You no longer feel resistant to poison.
Menkaure completely misses you.
You hit Menkaure but do no damage.
Menkaure is severely damaged.
Menkaure gestures at you while chanting.
Pain shoots through your body!
You die...

#.....#
##.##.......##
#.....# .#
#............
#.....####.#
#.##.........
#........#.#
########..
#...[....#.#
##.
#........#.###
#.
#........#...#
##
#........#...#
#
#........sM..#
#
####.....#...#
#. #
#.....#...##..
#
#.........#..#
#
#.##.###....#
#
#.........#..
#
#.####.#..##..
# ... #.#..#
#. # .....
#....# #


You could see Menkaure.

Vanquished Creatures
  2 ogres
  3 howler monkeys
  A crimson imp (D:5)
  A centaur zombie (D:3)
  An orc priest (D:5)
  A hound (D:4)
  Crazy Yiuf (D:3)
  A centaur skeleton (D:5)
  A bullfrog skeleton (D:4)
  4 orc wizards
  An iguana (D:5)
  A worker ant (D:4)
  A killer bee zombie (D:5)
  A hound skeleton (D:5)
  Robin (D:4)
  4 gnolls (D:4)
  9 adders
  A howler monkey skeleton (D:5)
  A shadow imp (D:3)
  3 oozes
  A worm (D:4)
  A dart slug (D:4)
  9 leopard geckos
  10 orcs
  9 bats
  4 giant cockroaches
  18 goblins
  13 hobgoblins
  12 jackals
  2 quokkas (D:5)
  4 ball pythons
  A frilled lizard (D:2)
  9 kobolds
  A quokka skeleton (D:5)
  7 rats
140 creatures vanquished.

Notes
Turn   | Place    | Note
-------+----------+-------------------------------------------
     0 | D:1      | sking99 the Ogre Transmuter began the quest for the Orb.
     0 | D:1      | Reached XP level 1. HP: 19/19 MP: 3/3
    56 | D:1      | Reached skill level 3 in Unarmed Combat
   339 | D:1      | Reached XP level 2. HP: 27/28 MP: 5/5
   596 | D:1      | Learned a level 2 spell: Sticks to Snakes
   997 | D:1      | Reached XP level 3. HP: 26/36 MP: 6/6
  1434 | D:1      | Learned a level 3 spell: Spider Form
  1885 | D:2      | Reached XP level 4. HP: 43/44 MP: 7/7
  2559 | D:2      | Reached skill level 4 in Unarmed Combat
  2839 | D:3      | Found a glowing golden altar of the Shining One.
  3008 | D:3      | You fall through a shaft!
  3084 | D:4      | Reached XP level 5. HP: 49/53 MP: 7/9
  3118 | D:3      | Reached skill level 1 in Poison Magic
  3135 | D:3      | Found an iron altar of Okawaru.
  3146 | D:3      | Became a worshipper of Warmaster Okawaru
  3455 | D:3      | Found a runed door.
  3946 | D:3      | Noticed Crazy Yiuf
  3958 | D:3      | Killed Crazy Yiuf
  3958 | D:3      | Reached XP level 6. HP: 57/61 MP: 3/10
  4071 | D:4      | Reached skill level 5 in Unarmed Combat
  4701 | D:4      | Noticed Robin
  4712 | D:4      | Killed Robin
  4755 | D:4      | Reached * piety under Okawaru
  4850 | D:4      | Reached XP level 7. HP: 60/67 MP: 7/11
  4884 | D:4      | Reached skill level 6 in Unarmed Combat
  4924 | D:4      | Found a staircase to the Ecumenical Temple.
  5337 | D:5      | Entered Level 5 of the Dungeon
  5946 | D:5      | Reached skill level 1 in Invocations
  5950 | D:5      | Reached XP level 8. HP: 30/75 MP: 3/12
  6119 | D:5      | Reached skill level 7 in Unarmed Combat
  6335 | D:5      | Noticed Menkaure
  6354 | D:5      | Killed from afar by Menkaure

Vault maps used:
D:1:      minmay_arrival_jagged
D:2:      first_ration, minmay_distorted
D:3:      lemuel_round_altar, tso_metal_star, uniq_crazy_yiuf_cottage
D:4:      temple_doors_e, uniq_robin
D:5:      minmay_diamond_boxcup, uniq_menkaure

Skill      XL: |  1  2  3  4  5  6  7  8 |
---------------+-------------------------+-----
Unarmed Combat | 3 4 5 6 7 |  7.0
Fighting       | 2 3 |  3.0
Transmutations | 2 3 4 |  4.0
Poison Magic   | 1 |  1.0
Spellcasting   | 3 |  3.0
Dodging        | 2 |  2.4
Invocations    | 1 |  1.7

Action                   |  1- 3 |  4- 6 |  7- 9 || total
-------------------------+-------+-------+-------++-------
Melee: Unarmed           |   153 |   292 |   133 ||   578
       Punch             |     2 |     1 |     2 ||     5
       Kick              |     3 |     2 |       ||     5
       Headbutt          |     1 |     3 |       ||     4
 Cast: Beastly Appendage |     4 |     8 |       ||    12
       Spider Form       |       |    16 |    12 ||    28
       Sticks to Snakes  |       |     2 |       ||     2
Invok: Heroism           |       |       |     2 ||     2
  Use: Scroll            |       |    10 |     3 ||    13
       Potion            |       |     1 |     1 ||     2
 Stab: Distracted        |       |     1 |       ||     1
       Sleeping          |       |     1 |       ||     1
  Eat: Chunk             |     3 |    12 |     4 ||    19
       Ration            |       |       |     1 ||     1
Armor: Robe              |    59 |    79 |    19 ||   157
       Skin              |       |     6 |     5 ||    11
Dodge: Dodged            |    91 |   195 |    81 ||   367

Table legend:
 A = Spawn XP
 B = Non-spawn XP
 C = Spawn XP percentage of total XP
 D = Spawn monster count
 E = Non-spawn monster count
 F = Spawn count percentage of total count
 G = Total turns spent on level
                    A         B        C        D         E        F      G
               +---------+---------+-------+---------+---------+-------+---------
         Total |       0 |    1416 |   0.0 |       0 |     140 |   0.0 |  6354
               +---------+---------+-------+---------+---------+-------+---------
           D:1 |       0 |      51 |   0.0 |       0 |      29 |   0.0 |  1435
           D:2 |       0 |      90 |   0.0 |       0 |      27 |   0.0 |  1373
           D:3 |       0 |     184 |   0.0 |       0 |      26 |   0.0 |  1185
           D:4 |       0 |     535 |   0.0 |       0 |      39 |   0.0 |  1344
           D:5 |       0 |     556 |   0.0 |       0 |      19 |   0.0 |  1017
               +---------+---------+-------+---------+---------+-------+---------
